 Dungeon Crawl Stone Soup version 0.28.0 (webtiles) character file.

Game seed: 12269019190192696144

16 Dorkslayer the Shield-Bearer (level 2, 0/21 HPs)
             Began as an Octopode Fighter on June 20, 2022.
             Slain by Sigmund (13 damage)
             ... on level 2 of the Dungeon.
             The game lasted 00:01:26 (952 turns).

Dorkslayer the Shield-Bearer (Octopode Fighter)      Turns: 952, Time: 00:01:27

Health: 0/21       AC:  1    Str: 15    XL:     2   Next: 54%
Magic:  2/2        EV: 13    Int: 10    God:
Gold:   39         SH:  0    Dex: 11    Spells: 1/1 levels left

rFire   . . .      SeeInvis .   a - +1 long sword
rCold   . . .      Faith    .   b - +0 buckler
rNeg    . . .      Spirit   .   (helmet restricted)
rPois   .          Reflect  .   (no amulet)
rElec   .          Harm     .   (no ring)
rCorr   .          Rampage  .   (no ring)
Will    .....                   (no ring)
Stlth   ++........              (no ring)
HPRegen 0.07/turn               (no ring)
MPRegen 0.08/turn               (no ring)
                                (no ring)
                                (no ring)

@: confused, mighty
A: almost no armour, amphibious, 8 rings, camouflage 1, gelatinous body 1,
(nimble swimmer 1), tentacles
a: no special abilities


You were on level 2 of the Dungeon.
You visited 1 branch of the dungeon, and saw 2 of its levels.

You collected 39 gold pieces.

Inventory:

Hand Weapons
 a - a +1 long sword (weapon)
Armour
 b - a +0 buckler (worn)
Scrolls
 f - a scroll of identify {unknown}
Potions
 d - a potion of attraction {unknown}
 g - a potion of curing {unknown}


   Skills:
 + Level 3.1 Fighting
 + Level 2.1 Long Blades
 + Level 3.1 Dodging
 + Level 0.3 Stealth
 + Level 3.2 Shields
 * Level 0.9 Unarmed Combat


You had one spell level left.
You didn't know any spells.
Your spell library was empty.

Dungeon Overview and Level Annotations

Branches:
Dungeon (2/15)

Altars:

Annotations:
D:2 Sigmund


Innate Abilities, Weirdness & Mutations

You cannot wear most types of armour.
You are amphibious.
You can wear up to eight rings at the same time.
Your skin changes colour to match your surroundings (Stealth+).
Your rubbery body absorbs attacks. (AC +1, EV +1)
((You are camouflaged when in or above water. (Stealth+)))
You have tentacles for arms and can constrict up to eight enemies at once.


Message History

HP restored.
d - a bubbling green potion A worm comes into view.
Found a stone staircase leading down.
The helpless worm fails to defend itself.
You hit the worm. Your grab misses the worm. You tentacle-slap the worm.
The worm is heavily wounded.
You hit the worm. You grab the worm.
The worm is almost dead.
You constrict the worm. The worm barely misses you.
You slash the worm!
You kill the worm!
An endoplasm comes into view.
An endoplasm is nearby!
The helpless endoplasm fails to defend itself.
You hit the endoplasm.
The endoplasm is almost dead.
The endoplasm hits you. You block the endoplasm's attack.
You slash the endoplasm!
You kill the endoplasm!
Found a stone staircase leading up.
Found a scroll of enchant weapon.
Sigmund and a frilled lizard come into view.
Sigmund is wielding a +1 scythe of pain and wearing a +2 robe of fire resistance.
Found a robe.
Sigmund shouts!
Sigmund gestures wildly while chanting.
Sigmund flickers and vanishes!
Deactivating autopickup; reactivate with Ctrl-A.
You are confused.
You bump into the rock wall.
Okay, then.
Okay, then.
A puff of flame appears from out of thin air!
The puff of flame hits you!
You bump into the rock wall.
You feel very mighty all of a sudden.
You bump into the rock wall.
Something hits you!
Ouch! That really hurt!
You die...

###################
#....<.....@..#...#
#.......#####.#.#.#
#......[# #.#.#.#
#..l....# #.#.#.#
#.......# #.#.#.#
#.?.....# #.#.#.#
########### #.#.#.#
....###########.#.#.#
.##.............#.#.#


There were no monsters in sight!

Vanquished Creatures
  A worm (D:2)
  2 bats (D:1)
  2 endoplasms
  A giant cockroach (D:2)
  A goblin (D:1)
  A hobgoblin (D:1)
  3 ball pythons (D:1)
11 creatures vanquished.

Notes
Turn   | Place    | Note
-------+----------+-------------------------------------------
     0 | D:1      | Dorkslayer the Octopode Fighter began the quest for the
                  | Orb.
     0 | D:1      | Reached XP level 1. HP: 16/16 MP: 1/1
   661 | D:1      | Reached XP level 2. HP: 21/21 MP: 2/2
   940 | D:2      | Noticed Sigmund
   952 | D:2      | Slain by Sigmund

Illustrated notes

Levels and vault maps discovered:
D:1:      lightli_arrival_chessboard, layout_loops_corners
D:2:      layout_basic, uniq_jessica, uniq_sigmund, uniq_crazy_yiuf_cottage

Action                   || total
-------------------------++-------
Melee: Long sword        ||    17
       Tentacles         ||     2
       Constrict         ||     3
       Punch             ||     1
  Use: Scroll            ||     2
       Potion            ||     1
 Stab: Sleeping          ||     5
Armor: Skin              ||     1
Dodge: Dodged            ||     7
Block: Buckler           ||     1
